 Dungeon Crawl Stone Soup version 0.19-a0-1886-gd64a0f0 (webtiles) character file.

10842 Mirvelgyr the Severer (level 11, 0/126 HPs)
             Began as a Minotaur Berserker on Oct 16, 2016.
             Was an Elder of Trog.
             Slain by a yak (4 damage)
             ... on level 1 of the Lair of Beasts.
             The game lasted 00:21:39 (11705 turns).

Mirvelgyr the Severer (Minotaur Berserker)         Turns: 11705, Time: 00:21:40

Health: 0/126      AC: 12    Str: 32    XL:     11   Next: 41%
Magic:  10/10      EV:  8    Int:  4    God:    Trog [****..]
Gold:   338        SH:  0    Dex:  6    Spells: 0 memorised, 10 levels left

rFire  . . .     SeeInvis +     g - +1 war axe
rCold  . . .     Gourm    .     B - +0 plate armour
rNeg   . . .     Faith    .     (no shield)
rPois  +         Spirit   .     (helmet restricted)
rElec  +         Dismiss  .     y - +0 cloak
rCorr  .         Reflect  .     (no gloves)
MR     .....     Harm     .     (no boots)
Stlth  ..........               (no amulet)
                                x - ring "Nuaz" {rElec rPois Str+2 Dex-4}
                                r - ring of see invisible

@: berserking, very quick
A: retaliatory headbutt, horns 2
a: Berserk, Trog's Hand, Brothers in Arms, Burn Spellbooks, Renounce Religion


You were on level 1 of the Lair of Beasts.
You worshipped Trog.
Trog was greatly pleased with you.
You were near starving.

You visited 2 branches of the dungeon, and saw 10 of its levels.

You collected 580 gold pieces.
You spent 242 gold pieces at shops.

Inventory:

Hand Weapons
 g - a +1 war axe (weapon)
Armour
 i - a +0 chain mail
 y - a +0 cloak (worn)
 B - a +0 plate armour (worn)
Jewellery
 q - an uncursed ring of wizardry
 r - a ring of see invisible (left hand)
 s - an uncursed ring of stealth
 t - an uncursed ring of wizardry
 x - the ring "Nuaz" (right hand) {rElec rPois Str+2 Dex-4}
   (You bought it in a shop on level 6 of the Dungeon)

   [ring of strength]

   It affects your strength (+2).
   It affects your dexterity (-4).
   It insulates you from electricity.
   It protects you from poison.
Wands
 k - a wand of acid (5/15)
 o - a wand of heal wounds (6/9)
 w - a wand of disintegration (10/24)
 z - a wand of flame (8/48)
 G - a wand of slowing (23/48)
Scrolls
 a - a scroll of fear
 b - a scroll of identify
 f - a scroll of remove curse
 v - a scroll of random uselessness
 D - a scroll of enchant weapon
 E - a scroll of fog {unknown}
 F - 2 scrolls of teleportation
 H - a scroll of vulnerability {unknown}
 K - a scroll of enchant armour {unknown}
Potions
 e - 3 potions of curing
 j - a potion of invisibility
 m - a potion of cure mutation
 p - a potion of agility {unknown}
 I - 2 potions of ambrosia
 J - 2 potions of heal wounds
Books
 n - a book of Cantrips

   Spells                             Type                      Level
   a - Confusing Touch                Hexes                        1
   b - Animate Skeleton               Necromancy                   1
   c - Summon Small Mammal            Summoning                    1
   d - Apportation                    Translocation                1
   Trog disapproves of the use of such an item.
 A - a book of Air

   Spells                             Type                      Level
   a - Shock                          Conjuration/Air              1
   b - Swiftness                      Charms/Air                   2
   c - Repel Missiles                 Charms/Air                   2
   d - Static Discharge               Conjuration/Air              3
   e - Lightning Bolt                 Conjuration/Air              5
   Trog disapproves of the use of such an item.
Comestibles
 c - 8 bread rations
 d - 2 slices of pizza
 h - 4 fruits
 l - 9 meat rations
 u - a royal jelly
 C - 7 beef jerkies


   Skills:
 + Level 4.2 Fighting
 - Level 19.6 Axes
 + Level 3.2 Armour
 - Level 2.1 Dodging


You had 10 spell levels left.
You didn't know any spells.

Dungeon Overview and Level Annotations

Branches:
Dungeon (9/15)             Temple (0/1) D:7            Lair (1/6) D:9
    Orc: D:9-12

Altars:
Ashenzari
Fedhas
Kikubaaqudgha
Okawaru
Ru
Trog

Shops:
D:5 (   D:6 =   D:7 =


Innate Abilities, Weirdness & Mutations

You reflexively headbutt those who attack you in melee.
You have a pair of horns on your head.


Message History

You are too injured to fight recklessly!
You are too injured to fight recklessly!
You are too injured to fight recklessly!
You are too injured to fight recklessly!
A red film seems to cover your vision as you go berserk!
You feel yourself moving faster!
You feel mighty!
You are near starving!
The yak closely misses you. The yak gores you but does no damage.
The yak gores you.
* * * LOW HITPOINT WARNING * * *
The komodo dragon closely misses you.
Unknown command.
You are too berserk!
You hit the komodo dragon. Your headbutt misses the komodo dragon.
The komodo dragon is lightly wounded.
You slash the yak! You barely miss the yak. You slash the yak!
The yak gores you!
* * * LOW HITPOINT WARNING * * *
The yak gores you.
You die...

...#.#P##..###.####.##
###..## ##.#.#..##..##
#... #.....####.##
#.#.#####.##..#..#...
#[...##.#.#..........
#..........######..
##.###.###.# ##. #l#
### #.# #. #@# #[# #.
>.....YYY# P.# #.
####...Y..> ..# #.
#..###..# ### #... ..#
##.# .## ## . #


You could see a komodo dragon and 4 yaks.

Vanquished Creatures
  Erica (D:8)
  The ghost of bezhaha the Spear-Bearer, a novice HuCK of Xom (D:9)
  The ghost of Gorice the Fighter, a novice DrIE of Okawaru (D:8)
  Pikel (D:6)
  The ghost of azazello the Basher, a novice GrGl of Okawaru (D:7)
  Grinder (D:6)
  2 hippogriffs
  Eustachio (D:4)
  A basilisk (Lair:1)
  7 yaks
  2 hungry ghosts (D:8)
  Menkaure (D:6)
  3 water moccasins (Lair:1)
  2 sky beasts
  A hornet zombie (D:9)
  5 orc warriors
  A black bear (D:7)
  3 ice beasts
  9 ogres
  4 centaurs
  4 big kobolds
  7 bullfrogs
  A gnoll sergeant (D:9)
  A scorpion (D:8)
  8 wights (D:7)
  13 killer bees
  3 howler monkeys (D:8)
  An electric eel (D:6)
  5 crimson imps
  4 jellies
  A centaur zombie (D:5)
  4 hounds
  6 orc wizards
  Crazy Yiuf (D:5)
  3 orc priests
  A bullfrog skeleton (D:4)
  2 gnoll shamans
  A centaur skeleton (D:6)
  Terence (D:2)
  4 iguanas
  4 worker ants
  A hound zombie (D:6)
  2 hound skeletons
  21 gnolls
  6 adders
  A shadow imp (D:7)
  2 oozes (D:2)
  An adder zombie (D:7)
  An adder skeleton (D:5)
  4 worms
  2 dart slugs
  8 leopard geckos
  16 orcs
  7 giant cockroaches
  3 hobgoblins
  19 jackals
  5 quokkas
  A ball python (D:5)
  4 bats
  4 frilled lizards
  6 goblins
  24 kobolds
  5 rats
266 creatures vanquished.

Vanquished Creatures (others)
  A slave (D:6)
  An ogre (D:6)
  A leopard gecko (D:6)
  4 jackals (D:6)
7 creatures vanquished.

Grand Total: 273 creatures vanquished

Notes
Turn   | Place    | Note
-------+----------+-------------------------------------------
     0 | D:1      | Mirvelgyr the Minotaur Berserker began the quest for the Orb.
     0 | D:1      | Reached XP level 1. HP: 19/19 MP: 0/0
   444 | D:1      | Reached skill level 4 in Axes
   465 | D:1      | Reached XP level 2. HP: 24/26 MP: 1/1
   942 | D:2      | Found a bloodstained altar of Trog.
   986 | D:2      | Reached skill level 5 in Axes
   988 | D:2      | Reached XP level 3. HP: 29/31 MP: 2/2
  1013 | D:2      | Found a faded altar of an unknown god.
  1091 | D:2      | Noticed Terence
  1101 | D:2      | Killed Terence
  1101 | D:2      | Reached XP level 4. HP: 38/39 MP: 3/3
  1344 | D:2      | Reached ** piety under Trog
  1363 | D:2      | Reached skill level 6 in Axes
  2292 | D:4      | Reached skill level 7 in Axes
  2292 | D:4      | Reached XP level 5. HP: 34/45 MP: 4/4
  2733 | D:4      | Noticed Eustachio
  2752 | D:4      | Killed Eustachio
  2752 | D:4      | Reached skill level 8 in Axes
  2752 | D:4      | Reached XP level 6. HP: 48/51 MP: 5/5
  2901 | D:5      | Entered Level 5 of the Dungeon
  2919 | D:5      | Reached skill level 9 in Axes
  2931 | D:5      | Reached *** piety under Trog
  3073 | D:5      | Found a blossoming altar of Fedhas.
  3218 | D:5      | Found Murph's Weapon Shoppe.
  3279 | D:5      | Reached XP level 7. HP: 28/57 MP: 6/6
  3586 | D:5      | Reached skill level 10 in Axes
  3616 | D:5      | Found a runed door.
  3640 | D:5      | Noticed Crazy Yiuf
  3649 | D:5      | Killed Crazy Yiuf
  3966 | D:5      | Reached skill level 11 in Axes
  4251 | D:6      | Received a gift from Trog
  4373 | D:6      | Noticed Menkaure
  4385 | D:6      | Killed Menkaure
  4385 | D:6      | Reached XP level 8. HP: 7/64 MP: 7/7
  4389 | D:6      | Noticed Grinder
  4402 | D:6      | Killed Grinder
  4402 | D:6      | Reached skill level 12 in Axes
  4413 | D:6      | Found a sacrificial altar of Ru.
  4556 | D:6      | Noticed Pikel
  4567 | D:6      | Killed Pikel
  4567 | D:6      | Reached skill level 13 in Axes
  5211 | D:6      | Found Keotzy's Jewellery Emporium.
  5224 | D:6      | Bought the ring "Nuaz" {rElec rPois Str+2 Dex-4} for 242 gold pieces
  5258 | D:6      | Reached XP level 9. HP: 69/70 MP: 8/8
  5523 | D:7      | Noticed azazello's ghost (novice GrGl)
  5725 | D:7      | Killed azazello's ghost
  5725 | D:7      | Reached skill level 14 in Axes
  5771 | D:7      | Found an iron altar of Okawaru.
  5822 | D:7      | Reached skill level 15 in Axes
  6316 | D:7      | Found a staircase to the Ecumenical Temple.
  6345 | D:7      | Found Yxyr's Jewellery Shop.
  6505 | D:7      | Reached skill level 16 in Axes
  6740 | D:7      | Reached XP level 10. HP: 58/77 MP: 9/9
  7773 | D:8      | Noticed Gorice's ghost (novice DrIE)
  7781 | D:8      | Killed Gorice's ghost
  7781 | D:8      | Reached skill level 17 in Axes
  8539 | D:8      | Found a shattered altar of Ashenzari.
  8543 | D:8      | Found a sacrificial altar of Ru.
  8546 | D:8      | Found an ancient bone altar of Kikubaaqudgha.
  8696 | D:8      | Reached skill level 18 in Axes
  8773 | D:8      | Noticed Erica
  8779 | D:8      | Killed Erica
  8927 | D:8      | Gained mutation: You are weak. (Str -2) [mutagenic meat]
  8930 | D:8      | Gained mutation: You possess an exceptional clarity of mind. [mutagenic meat]
  8936 | D:8      | Gained mutation: Your mind is acute. (Int +2) [potion of mutation]
  8936 | D:8      | Gained mutation: Your magical capacity is low. (-10% MP) [potion of mutation]
  8937 | D:8      | Lost mutation: Your mind is acute. (Int +2) [potion of cure mutation]
  8937 | D:8      | Lost mutation: You possess an exceptional clarity of mind. [potion of cure mutation]
  8937 | D:8      | Lost mutation: You are weak. (Str -2) [potion of cure mutation]
  8937 | D:8      | Lost mutation: Your magical capacity is low. (-10% MP) [potion of cure mutation]
  9001 | D:9      | Noticed bezhaha's ghost (novice HuCK)
  9025 | D:9      | Killed bezhaha's ghost
  9025 | D:9      | Reached XP level 11. HP: 80/82 MP: 10/10
  9109 | D:9      | Found a staircase to the Lair.
  9201 | D:9      | Identified a scroll of acquirement
  9256 | D:9      | Reached **** piety under Trog
  9690 | D:9      | Reached skill level 19 in Axes
 10832 | Lair:1   | Entered Level 1 of the Lair of Beasts
 11705 | Lair:1   | HP: 4/126 [yak (8)]
 11705 | Lair:1   | Slain by a yak

Vault maps used:
D:1:      dpeg_arrival_pits
D:2:      ecumenical_altar_2, trog_butcher_becter, uniq_terence
D:4:      uniq_edmund, uniq_eustachio
D:5:      lemuel_doored_altar, first_bread, serial_shops, shop,
          water_boxes_lemuel, uniq_crazy_yiuf_cottage
D:6:      serial_shops, shop, nicolae_lava_and_water,
          nicolae_ru_great_annihilating_truth, uniq_grinder, uniq_pikel,
          uniq_menkaure
D:7:      okawaru_ov_weapons_minmay, serial_shops, kennysheep_little_box,
          grunt_ogre_cave
D:8:      minmay_overflow_temple_star_quad, uniq_erica
D:9:      lair_0_dummy

Skill      XL: |  1  2  3  4  5  6  7  8  9 10 11 |
---------------+----------------------------------+-----
Axes           | 4 5 7 8 9 11 13 16 18 19 | 19.6
Fighting       | 4 |  4.2
Armour         | 3 |  3.2
Dodging        | |  2.1

Action                   |  1- 3 |  4- 6 |  7- 9 | 10-12 || total
-------------------------+-------+-------+-------+-------++-------
Melee: Hand axe          |    67 |   119 |       |       ||   186
       Headbutt          |    12 |    15 |    43 |    53 ||   123
       War axe           |       |    13 |   253 |   361 ||   627
Invok: Trog's Hand       |       |     1 |    13 |    11 ||    25
       Berserk           |       |       |     9 |     8 ||    17
       Burn Spellbooks   |       |       |       |     1 ||     1
Evoke: Wand              |       |       |     1 |     1 ||     2
  Use: Scroll            |       |    11 |       |     9 ||    20
       Potion            |       |       |       |     2 ||     2
 Stab: Invisible         |       |       |     1 |       ||     1
       Paralysed         |       |       |     1 |       ||     1
  Eat: Chunk             |     1 |     7 |    19 |    32 ||    59
       Bread ration      |       |       |     1 |       ||     1
Armor: Chain mail        |    34 |    62 |    80 |   124 ||   300
       Plate armour      |       |       |       |     6 ||     6
Dodge: Dodged            |    29 |    57 |    91 |   124 ||   301
